AoeStats
← avukator2

Arena

509869585Analyzed
1v1 RM · 4d ago on Sep 28, 2026· 66m 29s· 2 players
Game mode
Random Map
Map size
Tiny (2 player)
Population
200
Speed
Normal
Resources
Standard
Victory
Conquest
Starting age
Dark Age
Ending age
Imperial Age
RankedLock teamsTeams togetherTeam positionsShared explorationLock speedFull tech treeHidden civsTurbo modeCheats
Victory
Defeat
🇨🇳 Franks · China
1039
+15
🇹🇷 Chinese · Türkiye
1012
-15
谁
10:29 Feudal Age
15:13 Castle Age
13:56 Double-Bit Axe
14:45 Gold Mining
23:45 Wheelbarrow
22:59 Town Watch
23:55 Stone Mining
26:36 Forging
26:31 Scale Barding Armor
31:42 Imperial Age
29:59 Iron Casting
29:44 Chain Barding Armor
30:30 Ordonnance Companies
31:05 Fletching
31:16 Padded Archer Armor
32:24 Ballistics
32:31 Chain Barding Armor
32:14 Husbandry
31:54 Cranequins
33:37 Hand Cart
35:53 Chemistry
34:22 Cavalier
36:05 Blast Furnace
35:40 Plate Barding Armor
36:48 Heavy Mounted Crossbowman
37:47 Leather Archer Armor
37:27 Bodkin Arrow
38:17 Town Patrol
38:03 Loom
37:44 Heavy Mounted Crossbowman
38:58 Bow Saw
40:14 Siege Engineers
42:42 Plate Barding Armor
43:45 Paladin
50:17 Elite Skirmisher
52:13 Murder Holes
53:19 Light Cavalry
54:17 Masonry
54:36 Squires
53:56 Pikeman
54:22 Gambesons
55:22 Chivalry
avukator2
0:31 Loom
9:55 Feudal Age
14:22 Castle Age
12:54 Double-Bit Axe
13:33 Horse Collar
23:03 Bow Saw
22:46 Gold Mining
22:46 Stone Mining
24:18 Heavy Plow
24:24 Town Watch
26:02 Scale Mail Armor
26:13 Forging
26:11 Squires
26:44 Forging
33:12 Imperial Age
31:08 Fletching
31:18 Padded Archer Armor
32:08 Bodkin Arrow
32:37 Chain Mail Armor
32:15 Arson
33:33 Masonry
34:10 Stone Shaft Mining
36:59 Chemistry
37:41 Capped Ram
39:37 Wheelbarrow
40:51 Ballistics
39:59 Elite Chu Ko Nu
41:15 Hand Cart
42:46 Bracer
43:02 Leather Archer Armor
43:05 Murder Holes
43:41 Architecture
43:39 Elite Skirmisher
44:25 Thumb Ring
45:00 Plate Mail Armor
43:53 Elite Fire Lancer
44:11 Siege Ram
46:08 Two-Man Saw
44:52 Pikeman
47:31 Halberdier
49:03 Conscription
51:18 Iron Casting
51:28 Gold Shaft Mining
60:39 Scale Barding Armor
61:39 Bloodlines
60:55 Light Cavalry
62:00 Chain Barding Armor
62:41 Blast Furnace
62:01 Husbandry
64:06 Plate Barding Armor
Connection lost

Rejoining the realm…

Still unreachable

The connection could not be restored.

Session expired

The server has moved on; the page needs a fresh start.